 Seeded DCSS version 0.29.1-15-g9cfb28693d (webtiles) character file.

Game seed: 14669342937109275278 (custom seed)

12 Psyclone the Firebug (level 2, 15/15 HPs)
             Began as a Deep Elf Fire Elementalist on Sept 27, 2023.
             Quit the game on level 3 of the Dungeon.
             The game lasted 00:01:17 (195 turns).

Psyclone the Firebug (Deep Elf Fire Elementalist)    Turns: 195, Time: 00:01:18

Health: 15/15      AC:  2    Str:  5    XL:     2   Next: 20%
Magic:  8/8        EV: 13    Int: 19    God:
Gold:   18         SH:  0    Dex: 15    Spells: 6/7 levels left

rFire   + . .      SeeInvis .   d - staff of fire
rCold   . . .      Faith    .   (no shield)
rNeg    . . .      Spirit   .   a - +0 robe
rPois   .          Reflect  .   (no helmet)
rElec   .          Harm     .   (no cloak)
rCorr   .          Rampage  .   (no gloves)
Will    .....                   (no boots)
Stlth   ++........              (no amulet)
HPRegen 0.05/turn               (no ring)
MPRegen 0.11/turn               (no ring)

@: no status effects
A: no striking features
a: no special abilities


You were on level 3 of the Dungeon.
You visited 1 branch of the dungeon, and saw 3 of its levels.

You collected 18 gold pieces.

Inventory:

Armour
 a - a +0 robe (worn)
Magical Staves
 d - a staff of fire (weapon)
Scrolls
 c - a scroll of immolation {unknown}
Potions
 b - a potion of magic


   Skills:
 + Level 2.7 Dodging
 + Level 2.7 Stealth
 + Level 3.2 Spellcasting
 + Level 1.4 Conjurations
 + Level 3.4 Fire Magic


You had 6 spell levels left.
You knew the following spells:

 Your Spells              Type           Power      Damage    Failure   Level
a - Foxfire               Conj/Fire      72%        2x1d7     5%          1

Your spell library contained the following spells:

 Spells                   Type           Power      Damage    Failure   Level
 Scorch                   Fire           48%        2d7       5%          2
 Conjure Flame            Conj/Fire      18%        6-21      16%         3
 Inner Flame              Hex/Fire       14%        N/A       22%         3
 Flame Wave               Conj/Fire      18%        2d7       47%         4


Dungeon Overview and Level Annotations

Branches:
Dungeon (3/15) Zot: 17806

Altars:


Message History

Casting: Foxfire (safe; 5% risk of failure)
Confirm with . or Enter, or press ? or * to list all spells.
You conjure some foxfire!
The foxfire hits the kobold but does no damage.
You now have 2/8 mp.
Casting: Foxfire (safe; 5% risk of failure)
Confirm with . or Enter, or press ? or * to list all spells.
You conjure some foxfire!
The foxfire hits the kobold.
The kobold is severely wounded.
You now have 1/8 mp.
Casting: Foxfire (safe; 5% risk of failure)
Confirm with . or Enter, or press ? or * to list all spells.
You conjure some foxfire!
The foxfire hits the kobold.
You kill the kobold!
You now have 0/8 mp.
Your foxfire dissipates!
A jackal comes into view.
Your foxfire dissipates! x2
The foxfire hits the jackal.
The jackal is heavily wounded.
Your foxfire dissipates!
Casting: Foxfire (safe; 5% risk of failure)
Confirm with . or Enter, or press ? or * to list all spells.
You conjure some foxfire!
The foxfire hits the jackal.
The jackal is almost dead.
You now have 0/8 mp.
The foxfire hits the jackal.
You kill the jackal!
Found 18 gold pieces.
Found a scroll labelled ULEZXI ANWAJ.
You now have 18 gold pieces.
Found 6 stones.
d - a scroll labelled ULEZXI ANWAJ You start resting.
Magic restored.
MP restored: 8 This is a scroll of acquirement!
Something appears at your feet!
d - a staff of fire
d - a staff of fire (weapon)
Are you sure you want to abandon this character and quit the game? (Confirm with "yes".)

#.#...
########.#.#####
#................#
#.######.#.#####.#
#.#.........†....#
#.#.#######..).#.#
#.# +....+
#.#########....#.#
#@...(...#.......#
########.#.#####.#
#.# .. #.###...#
#<.......
#.####### #.# #..
###


There were no monsters in sight!

Vanquished Creatures
  An adder (D:2)
  A hobgoblin (D:1)
  A jackal (D:3)
  A kobold (D:3)
4 creatures vanquished.

Vanquished Creatures (others)
  13 foxfires
13 creatures vanquished.

Grand Total: 17 creatures vanquished

Notes
Turn   | Place    | Note
-------+----------+-------------------------------------------
     0 | D:1      | Psyclone the Deep Elf Fire Elementalist began the quest for
                  | the Orb.
     0 | D:1      | Reached XP level 1. HP: 10/10 MP: 6/6
    95 | D:2      | Reached XP level 2. HP: 15/15 MP: 2/8
   192 | D:3      | Identified a scroll of acquirement
   192 | D:3      | Acquired a staff of fire
   195 | D:3      | Quit the game

Illustrated notes

Levels and vault maps discovered:
D:1:      dpeg_arrival_brainrot, layout_basic, serial_shops, shop_coins
D:2:      layout_basic, uniq_jessica
D:3:      wander_river, layout_basic, serial_shops, nicolae_shop_trees,
          minivault_5, minmay_strange_pillars

Action                   || total
-------------------------++-------
 Cast: Foxfire           ||    11
  Use: Scroll            ||     1
